 Dungeon Crawl Stone Soup version 0.29-a0-299-g4c793a2ed2 (webtiles) character file.

Game seed: 3385670246095539449

43 GordonOverkill the Shooter (level 3, -4/20 HPs)
             Began as a Deep Elf Hunter on Mar 24, 2022.
             Slain by a gnoll
             ... wielding a +0 whip
              (5 damage)
             ... on level 1 of the Dungeon.
             The game lasted 00:01:47 (1305 turns).

GordonOverkill the Shooter (Deep Elf Hunter)        Turns: 1305, Time: 00:01:48

Health: -4/20      AC:  6    Str: 10    XL:     3   Next: 37%
Magic:  5/5        EV:  9    Int: 13    God:
Gold:   111        SH:  0    Dex: 18    Spells: 2/2 levels left

rFire   . . .      SeeInvis .   a - +1 shortbow
rCold   . . .      Faith    .   (shield currently unavailable)
rNeg    . . .      Spirit   .   f - +0 scale mail
rPois   .          Reflect  .   (no helmet)
rElec   .          Harm     .   (no cloak)
rCorr   .          Rampage  .   (no gloves)
Will    .....                   (no boots)
Stlth   +.........              (no amulet)
HPRegen 0.06/turn               (no ring)
MPRegen 0.09/turn               (no ring)

@: no status effects
A: no striking features
a: no special abilities


You were on level 1 of the Dungeon.
You visited 1 branch of the dungeon, and saw 2 of its levels.

You collected 111 gold pieces.

Inventory:

Hand Weapons
 a - a +1 shortbow (weapon)
Armour
 b - a +0 leather armour
 f - a +0 scale mail (worn)
Jewellery
 e - a ring of willpower
Scrolls
 c - a scroll of immolation
 d - a scroll of summoning {unknown}
 g - a scroll of blinking {unknown}
 h - a scroll of fear {unknown}
Potions
 i - a potion of brilliance {unknown}
 j - a potion of curing {unknown}
 k - a potion of heal wounds {unknown}
 l - a potion of magic {unknown}


   Skills:
 - Level 1.5 Fighting
 + Level 6.3 Bows
 + Level 1.4 Armour
 - Level 2.4 Dodging
 - Level 1.2 Stealth


You had 2 spell levels left.
You didn't know any spells.
Your spell library contained the following spells:

 Spells                   Type           Power      Damage    Failure   Level
 Gell's Gravitas          Tloc           0%         N/A       99%         3
 Lesser Beckoning         Tloc           0%         N/A       99%         3
 Teleport Other           Tloc           0%         N/A       99%         3


Dungeon Overview and Level Annotations

Branches:
Dungeon (2/15)

Altars:


Message History

Unknown command.
You start resting.
HP restored.
You climb downwards.
The gnoll hits you with a +0 whip. x2
There is a stone staircase leading up here.
The gnoll hits you but does no damage.
You climb upwards.
There is a stone staircase leading down here.
The gnoll attacks as you move away! The gnoll hits you but does no damage.
The gnoll attacks as you move away! The gnoll hits you with a +0 whip.
* * * LOW HITPOINT WARNING * * *
Shoot: a) +1 shortbow
Press: ? - help, Q - select action Shift-Dir - straight line, f - gnoll
Aim: a gnoll, wielding a +0 whip (69% to hit)
You shoot an arrow. The arrow hits the gnoll.
The gnoll is moderately wounded.
The gnoll barely misses you.
Shoot: a) +1 shortbow
Press: ? - help, Q - select action Shift-Dir - straight line, f/p - gnoll
Aim: a gnoll, wielding a +0 whip (moderately wounded, 69% to hit)
You shoot an arrow. The arrow hits the gnoll.
The gnoll is heavily wounded.
The gnoll hits you with a +0 whip.
* * * LOW HITPOINT WARNING * * *
The gnoll hits you with a +0 whip.
* * * LOW HITPOINT WARNING * * *
The gnoll attacks as you move away! The gnoll hits you with a +0 whip.
* * * LOW HITPOINT WARNING * * *
The gnoll attacks as you move away! The gnoll barely misses you.
The gnoll attacks as you move away! The gnoll misses you.
The gnoll attacks as you move away! The gnoll hits you with a +0 whip.
* * * LOW HITPOINT WARNING * * *
The gnoll attacks as you move away! The gnoll hits you with a +0 whip.
* * * LOW HITPOINT WARNING * * *
The gnoll attacks as you move away! The gnoll hits you but does no damage.
Unknown command.
The gnoll attacks as you move away! The gnoll hits you with a +0 whip.
* * * LOW HITPOINT WARNING * * *
The gnoll attacks as you move away! The gnoll hits you with a +0 whip.
You die...

#.## #.# #.##.##. #..#
### #.# #.##.... ##.#
##.###.########.#####.
#.#
#.#.............#####.
#.#
##.###....#######.....
#.# #.# ####.# #.####
#.# #.# #.# #.#
#.######.######.# #.#
#.........g@....# #>#
########.#####..# #.#
#.......# #### ####
#.####### ###≈≈# #.#
###≈≈≈.### #.#
#≈≈≈≈≈...P #.#
#####≈≈##≈#####. #.#
#..#### ## ##
####.#### #.....### ##


You could see a gnoll.

Vanquished Creatures
  A gnoll (D:1)
  2 dart slugs
  4 bats (D:1)
  3 hobgoblins
  2 jackals (D:1)
  3 kobolds (D:1)
  3 quokkas (D:1)
  4 ball pythons (D:1)
  A frilled lizard (D:1)
  5 rats (D:1)
28 creatures vanquished.

Notes
Turn   | Place    | Note
-------+----------+-------------------------------------------
     0 | D:1      | GordonOverkill the Deep Elf Hunter began the quest for the
                  | Orb.
     0 | D:1      | Reached XP level 1. HP: 12/12 MP: 3/3
   446 | D:1      | Reached XP level 2. HP: 16/16 MP: 4/4
   486 | D:1      | Reached skill level 6 in Bows
   653 | D:1      | Reached skill level 1 in Armour
  1129 | D:2      | Reached XP level 3. HP: 20/20 MP: 5/5
  1304 | D:1      | HP: 1/20 [gnoll/+0 whip (2)]
  1305 | D:1      | Slain by a gnoll

Illustrated notes

Levels and vault maps discovered:
D:1:      dpeg_cavernosity, layout_loops_ring
D:2:      layout_rooms, serial_glass, glass_columns_a, glass_columns_c,
          item_on_display_a, kennysheep_donut, uniq_terence

Skill      XL: |  1  2 |
---------------+-------+-----
Bows           | 6 |  6.3
Armour         | 1 |  1.4
Fighting       | |  1.5
Dodging        | |  2.4
Stealth        | |  1.2

Action                   || total
-------------------------++-------
 Fire: Shortbow          ||    71
Armor: Scale mail        ||    16
Dodge: Dodged            ||    27

Table legend: (Time is in decaauts)
 A = Elapsed time spent in this place.
 B = Non-inter-level travel time spent in this place.
 C = Inter-level travel time spent in this place.
 D = Time resting spent in this place.
 E = Time spent auto-exploring this place.
 F = Levels seen in this place.
 G = Mean time per level.
                   A        B        C        D        E       F      G
               +--------+--------+--------+--------+--------+-----+--------+
         Total |   1341 |   1284 |     57 |    180 |    855 |   2 |  670.5 |
       Dungeon |   1341 |   1284 |     57 |    180 |    855 |   2 |  670.5 |
               +--------+--------+--------+--------+--------+-----+--------+

Top non-repeatable levels by time:
     D:1: 1195 daAuts
     D:2: 146 daAuts
